Map: Last Remnant

Players

Sam

  • Race: Terran Terran
  • League: Silver
  • Spawn Location: 3:00

bilbo

  • Race: Terran Terran
  • Spawn Location: 12:00

Infamous

  • Race: Protoss Protoss
  • League: Gold
  • Spawn Location: 12:00

Raptor

  • Race: Protoss Protoss
  • Spawn Location: 1:00

NeverLost

  • Race: Protoss Protoss
  • Spawn Location: 6:00

Corrêa

  • Race: Terran Terran
  • Spawn Location: 6:00

Tardor

  • Race: Protoss Protoss
  • Spawn Location: 7:00

Saki

  • Race: Zerg Zerg
  • Spawn Location: 9:00

VOD

Have the link to the VOD?

Description

Time

  • Played on: April 21, 2018, 2:30 p.m.
  • Length: 16:17
Show
View Real Time Build Order
Export as new Build Order

Sam Terran 

Build Orders: Command Center First (CC) 

Get SALT Encoding   

  12  0:04  SCV  
  13  0:25  SCV  
  14  0:32  Supply Depot  
  14  0:37  SCV  
  15  0:53  SCV  
  16  1:05  SCV  
  17  1:17  SCV  
  18  1:26  Command Center  
  18  1:29  SCV  
  19  1:52  Command Center  
  19  2:14  SCV  
  20  2:19  Command Center  
  20  2:26  SCV  
  21  3:45  Command Center  
  21  3:47  Refinery  
  21  3:51  Refinery  
  21  3:55  Refinery  
  21  4:00  SCV  
  22  4:12  Command Center, SCV  
  23  4:24  SCV  
  24  4:36  SCV  
  25  4:44  SCV  
  26  4:48  SCV  
  26  4:49  SCV  
  26  4:50  SCV  
  29  4:56  Command Center, SCV  
  30  5:01  SCV x2  
  30  5:02  SCV  
  33  5:08  SCV, Refinery  
  33  5:13  SCV x2  
  37  5:14  SCV  
  37  5:20  SCV  
  38  5:24  Refinery  
  38  5:25  SCV  
  38  5:27  Refinery  
  39  5:32  SCV, Refinery  
  40  5:54  SCV x4  
  43  6:06  SCV x3  
  46  6:18  SCV x3  
  49  6:27  Refinery  
  49  6:28  SCV  
  49  6:30  SCV  
  49  6:31  SCV x3  
  54  6:40  SCV  
  54  6:42  SCV  
  54  6:43  SCV x3  
  59  6:51  Refinery  
  59  6:52  SCV  
  58  6:54  SCV  
  58  6:55  SCV x2  
  58  6:56  SCV  
  58  6:57  Refinery  
  59  7:04  SCV  
  59  7:06  SCV  
  59  7:07  SCV x2  
  59  7:08  SCV x2  
  65  7:16  SCV  
  65  7:18  SCV  
  65  7:19  SCV x2  
  65  7:20  SCV  
  65  7:21  SCV  
  71  7:28  SCV  
  72  7:30  SCV  
  72  7:31  SCV x2  
  72  7:32  SCV  
  72  7:33  SCV  
  77  7:40  SCV  
  77  7:43  SCV x3  
  81  7:44  SCV  
  81  7:45  SCV  
  83  7:52  SCV  
  83  7:53  Refinery  
  83  7:55  SCV x2  
  83  7:57  SCV  
  87  8:14  Refinery  
  87  8:18  Refinery  
  87  8:52  Supply Depot  
  87  8:53  Supply Depot x2  
  87  8:55  Supply Depot x2  
  87  8:59  Supply Depot  
  87  9:11  SCV  
  87  9:15  SCV  
  89  9:17  Supply Depot  
  89  9:18  Supply Depot  
  89  9:20  Supply Depot  
  89  9:21  Supply Depot  
  89  9:22  Supply Depot  
  89  9:23  SCV  
  90  9:24  SCV  
  90  9:25  Supply Depot  
  90  9:27  SCV  
  92  9:36  SCV  
  92  9:37  SCV  
  94  9:39  SCV  
  94  9:43  Supply Depot  
  95  9:48  SCV  
  95  9:49  SCV  
  95  9:52  SCV  
  98  9:57  Supply Depot  
  98  10:00  SCV  
  98  10:04  SCV  
  99  12:01  Command Center  
  99  12:06  Command Center  
  99  12:21  Barracks  
  99  12:22  Barracks x2  
  99  12:23  Barracks  
  99  12:25  Barracks  
  99  12:26  Barracks  
Show
View Real Time Build Order
Export as new Build Order

bilbo Terran 

Build Orders:  

Get SALT Encoding   

  12  0:02  SCV  
  13  0:17  Supply Depot  
  13  0:18  SCV  
  14  0:30  Refinery  
  14  0:34  Refinery  
  14  0:36  SCV  
  15  0:51  Barracks  
  15  1:04  SCV  
  16  1:09  Engineering Bay  
  16  1:26  Barracks  
  16  1:38  Supply Depot  
  16  1:44  Reaper  
  17  1:53  SCV  
  18  2:10  Neosteel Frame  
  18  3:33  Barracks Reactor x2  
  17  3:36  SCV  
  18  3:48  SCV  
  19  4:12  Marine x2  
  19  4:13  Marine x2  
  23  4:18  Factory  
  23  4:22  Hi-Sec Auto Tracking  
  23  4:33  Command Center  
  23  4:36  Marine  
  23  4:37  Marine x3  
  27  4:55  Marine x4  
  31  5:06  Factory Tech Lab  
  31  5:12  Supply Depot  
  31  5:33  Marine x4  
  35  5:51  Marine x4  
  35  5:55  Refinery  
  39  6:07  Starport  
  39  6:08  Siege Tank  
  39  6:09  Marine x4  
  46  6:24  Refinery  
  46  6:27  Marine x4  
  50  6:40  Siege Tank  
  50  6:44  Marine  
  54  7:16  Supply Depot  
  54  7:37  Starport Reactor  
  54  7:38  Marine x4, Siege Tank, SCV  
  62  7:45  Supply Depot  
  62  8:06  Marine x4, SCV  
  67  8:18  SCV  
  68  8:24  Marine x2  
  70  8:47  Bunker  
  70  9:03  Supply Depot  
  70  9:24  Marine x3  
  70  9:25  Supply Depot, Medivac x2, SCV  
  78  9:47  Marine x4, SCV  
  78  9:48  Supply Depot  
  83  9:55  Medivac  
  85  10:04  Marine  
  86  10:09  Marine x2, Medivac  
  86  10:13  Marine  
  91  10:22  Marine  
  91  10:24  Medivac  
  94  11:25  Supply Depot  
  94  11:42  Sensor Tower  
  94  11:47  Marine x4, Medivac x2  
  94  11:48  Supply Depot  
  102  12:09  Marine x4  
  102  12:10  Missile Turret  
  102  12:11  Supply Depot  
  106  12:27  Marine x4  
  110  12:33  Supply Depot  
  110  12:36  Medivac x2  
  114  12:45  Marine x4  
  118  12:57  Supply Depot  
  118  13:03  Marine x2  
  120  13:06  Medivac x2  
  124  13:12  Barracks Tech Lab  
  124  13:13  Barracks  
  124  13:20  Marine  
  124  13:21  Marine, Supply Depot  
  126  13:36  Medivac  
  126  13:37  Combat Shields  
  128  13:44  Supply Depot  
  123  14:06  Supply Depot  
  114  14:39  Marine x2  
  114  14:40  Marine x3  
  119  14:49  Fusion Core  
  119  14:57  Marine x2  
  119  14:58  Marine x3  
  110  15:15  Marine x5  
  68  15:33  Marine x5  
Show
View Real Time Build Order
Export as new Build Order

Infamous Protoss 

Build Orders: 1 Gate Expand, Double Forge 

Get SALT Encoding   

  12  0:01  Probe  
  13  0:13  Probe  
  14  0:19  Pylon  
  14  0:25  Probe  
  15  0:35  Probe  
  15  0:38  Gateway  
  16  0:43  Probe  
  17  0:52  Probe  
  18  0:59  Assimilator  
  18  1:02  Probe  
  19  1:22  Nexus  
  19  1:30  Cybernetics Core  
  19  1:39  Probe  
  20  1:53  Assimilator  
  20  1:55  Probe  
  20  1:56  Pylon  
  21  2:02  Warp Gate  
  21  2:03  Probe  
  22  2:30  Probe  
  22  2:35  Gateway  
  22  2:36  Gateway  
  23  2:39  Probe  
  23  2:40  Probe  
  25  2:53  Probe, Stargate  
  25  2:55  Probe  
  27  3:01  Probe  
  27  3:02  Pylon  
  27  3:04  Pylon  
  27  3:07  Probe  
  29  3:25  Stalker x2  
  29  3:26  Probe  
  34  3:31  Probe  
  34  3:33  Void Ray  
  39  3:45  Probe x2  
  41  3:57  Probe  
  42  4:09  Void Ray  
  42  4:14  Assimilator  
  46  4:18  Assimilator  
  47  4:24  Probe x2  
  48  4:36  Probe  
  49  4:41  Fleet Beacon  
  49  4:45  Probe  
  50  4:48  Probe  
  50  4:52  Void Ray  
  51  4:54  Forge  
  51  4:57  Probe x2, Forge  
  57  5:12  Probe  
  57  5:15  Probe  
  57  5:20  Sentry  
  61  5:21  Pylon  
  61  5:27  Probe  
  62  5:30  Protoss Ground Weapons Level 1  
  62  5:31  Protoss Ground Armor Level 1  
  62  5:33  Carrier  
  62  5:34  Pylon  
  62  5:38  Pylon  
  68  5:51  Anion Pulse-Crystals  
  68  5:55  Zealot x2  
  68  5:56  Zealot  
  74  6:12  Probe x2  
  76  6:20  Zealot x3  
  82  6:30  Twilight Council  
  82  6:35  Probe x2  
  84  6:45  Stargate  
  84  6:47  Graviton Catapult  
  84  6:48  Stargate  
  84  6:59  Probe  
  84  7:00  Probe  
  86  7:07  Charge  
  86  7:14  Pylon  
  86  7:17  Pylon  
  86  7:19  Pylon  
  86  7:31  Pylon  
  86  7:32  Void Ray x2  
  86  7:36  Pylon  
  94  7:38  Sentry  
  94  7:39  Stalker x2  
  100  7:52  Protoss Shields Level 1  
  100  8:01  Robotics Facility  
  100  8:27  Carrier  
  106  8:40  Protoss Air Weapons Level 1  
  106  8:44  Void Ray  
  110  9:01  Zealot  
  110  9:02  Zealot x2  
  116  9:09  Pylon  
  116  9:11  Pylon  
  116  9:13  Shield Battery  
  116  9:15  Photon Cannon  
  116  9:18  Photon Cannon  
  116  9:19  Photon Cannon  
  116  9:20  Photon Cannon  
  116  9:21  Observer  
  117  9:43  Stalker x3  
  123  9:51  Probe  
  123  9:52  Probe, Void Ray  
  125  9:53  Void Ray  
  125  9:55  Void Ray  
  137  10:16  Stalker  
  137  10:17  Stalker  
  141  10:34  Nexus  
  141  10:36  Pylon  
  141  10:38  Pylon  
  141  10:41  Pylon  
  141  10:54  Carrier  
  141  10:56  Carrier  
  153  11:01  Pylon  
  153  11:04  Pylon  
  153  11:07  Pylon  
  153  11:10  Photon Cannon  
  153  11:13  Photon Cannon  
  153  11:14  Photon Cannon  
  153  11:18  Photon Cannon  
  153  11:20  Photon Cannon  
  153  11:26  Zealot x3  
  159  11:49  Probe x3  
  162  11:54  Photon Cannon  
  162  11:56  Photon Cannon  
  162  11:58  Photon Cannon  
  162  12:00  Shield Battery  
  162  12:01  Probe  
  163  12:03  Shield Battery  
  163  12:04  Probe x2  
  163  12:06  Shield Battery  
  163  12:07  Carrier  
  165  12:08  Shield Battery  
  165  12:12  Shield Battery  
  165  12:13  Probe  
  165  12:14  Shield Battery  
  165  12:15  Protoss Air Armor Level 1  
  166  12:17  Assimilator  
  166  12:21  Assimilator  
  91  13:16  Carrier x2  
  77  13:42  Probe x3, Stargate  
  80  13:50  Carrier, Stargate  
  80  13:51  Stargate  
  80  13:54  Probe  
  88  14:24  Probe x3  
Show
View Real Time Build Order
Export as new Build Order

Raptor Protoss 

Build Orders: Nexus First 

Get SALT Encoding   

  12  0:06  Probe  
  13  0:18  Probe  
  14  0:30  Probe  
  15  0:49  Nexus  
  15  1:00  Pylon  
  15  1:03  Assimilator  
  15  1:14  Assimilator  
  15  1:21  Probe  
  16  1:33  Probe  
  17  1:40  Forge  
  17  1:46  Pylon  
  17  1:50  Probe  
  18  2:02  Probe  
  18  2:05  Probe  
  20  2:17  Photon Cannon  
  20  2:22  Photon Cannon  
  20  2:27  Photon Cannon  
  20  2:36  Probe  
  21  2:42  Assimilator  
  21  2:48  Probe  
  21  2:50  Assimilator  
  22  3:02  Gateway  
  22  3:30  Nexus  
  22  3:37  Pylon  
  22  3:41  Pylon  
  22  3:44  Probe  
  23  3:49  Protoss Shields Level 1  
  23  3:56  Cybernetics Core  
  23  4:08  Pylon  
  23  4:14  Probe  
  24  4:24  Photon Cannon  
  24  4:26  Probe  
  25  4:33  Protoss Air Weapons Level 1  
  25  4:44  Stargate  
  25  4:54  Stargate  
  25  5:03  Twilight Council  
  25  5:14  Photon Cannon  
  25  5:18  Probe  
  26  5:30  Probe  
  27  5:42  Probe, Photon Cannon  
  28  5:45  Photon Cannon  
  28  5:51  Pylon  
  28  5:54  Probe  
  29  6:04  Void Ray  
  33  6:12  Void Ray  
  33  6:17  Probe  
  38  6:27  Protoss Air Armor Level 1  
  38  6:29  Probe  
  39  6:37  Photon Cannon  
  39  6:41  Probe  
  40  6:47  Protoss Shields Level 2  
  40  6:55  Probe  
  41  7:05  Void Ray  
  41  7:07  Probe, Void Ray  
  50  7:24  Fleet Beacon  
  50  7:36  Assimilator  
  50  7:37  Assimilator  
  50  7:57  Void Ray  
  54  8:00  Void Ray  
  58  8:16  Protoss Air Weapons Level 2  
  58  8:23  Probe  
  59  8:35  Probe  
  59  8:37  Void Ray  
  59  8:40  Void Ray  
  68  9:13  Void Ray  
  68  9:16  Void Ray  
  68  9:20  Protoss Shields Level 3  
  76  9:56  Void Ray  
  76  9:59  Void Ray  
  84  10:00  Pylon  
  84  10:05  Pylon  
  84  10:07  Pylon  
  84  10:28  Protoss Air Weapons Level 3  
  84  10:39  Void Ray  
  84  10:42  Void Ray  
  92  11:21  Void Ray  
  92  11:24  Void Ray  
  100  12:04  Void Ray  
  100  12:07  Void Ray  
  108  12:17  Pylon  
  108  12:18  Pylon  
  108  12:47  Void Ray  
  108  12:50  Void Ray  
  116  13:04  Protoss Air Armor Level 2  
  13  14:50  Nexus  
  13  14:54  Stalker  
  15  15:06  Pylon  
  15  15:08  Pylon  
  15  15:12  Pylon  
  15  15:16  Pylon  
Show
View Real Time Build Order
Export as new Build Order

NeverLost Protoss 

Build Orders:  

Get SALT Encoding   

  12  0:17  Pylon  
  12  0:22  Probe  
  13  0:34  Probe  
  14  0:38  Gateway  
  14  0:42  Probe  
  15  0:50  Probe  
  16  1:11  Gateway  
  16  1:18  Assimilator  
  16  1:19  Probe, Zealot  
  19  1:43  Zealot  
  21  1:49  Pylon  
  21  1:59  Zealot  
  23  2:04  Probe  
  24  2:12  Probe  
  24  2:13  Zealot  
  26  2:21  Probe  
  27  2:29  Zealot  
  30  2:34  Probe  
  30  2:36  Cybernetics Core  
  31  3:13  Pylon  
  31  3:26  Robotics Facility  
  31  3:31  Probe  
  31  3:33  Assimilator  
  32  3:43  Probe  
  32  3:46  Nexus  
  33  3:53  Pylon  
  33  3:55  Probe  
  34  3:56  Sentry x2  
  38  4:15  Assimilator  
  38  4:19  Assimilator, Observer  
  38  4:24  Pylon  
  38  4:27  Pylon  
  39  4:44  Immortal  
  43  5:41  Robotics Facility  
  43  5:46  Immortal  
  43  5:49  Zealot x2  
  51  6:16  Zealot  
  51  6:17  Zealot  
  55  6:25  Immortal  
  55  6:31  Warp Gate  
  55  6:37  Probe  
  56  6:49  Probe  
  57  7:01  Probe  
  58  7:10  Stargate  
  58  7:11  Stargate  
  58  7:12  Probe  
  58  7:13  Probe  
  59  7:24  Probe  
  59  7:25  Probe, Stalker  
  59  7:26  Stalker  
  61  7:36  Probe  
  66  7:37  Probe  
  67  7:47  Observer  
  67  7:48  Probe  
  67  7:50  Probe  
  70  7:54  Stalker  
  70  7:55  Stalker  
  74  8:00  Probe  
  74  8:02  Probe  
  74  8:05  Phoenix  
  78  8:12  Pylon  
  78  8:15  Pylon  
  78  8:24  Stalker x2  
  78  8:30  Phoenix  
  84  8:48  Phoenix  
  86  8:50  Stalker  
  86  8:55  Phoenix  
  90  9:08  Phoenix  
  90  9:12  Phoenix  
  94  9:36  Pylon  
  94  9:37  Pylon  
  94  9:54  Phoenix x2  
  98  10:13  Phoenix  
  98  10:19  Phoenix  
  102  10:33  Pylon  
  102  10:34  Phoenix  
  102  10:37  Pylon  
  102  10:39  Pylon, Protoss Air Weapons Level 1  
  102  10:42  Stalker  
  106  10:44  Phoenix  
  106  10:49  Stalker  
  110  10:57  Phoenix  
  112  11:05  Phoenix  
  114  11:14  Phoenix  
  114  11:24  Phoenix  
  118  11:39  Phoenix  
  120  11:49  Phoenix  
  122  12:04  Phoenix  
  124  12:14  Phoenix  
  126  12:29  Phoenix  
  128  12:39  Phoenix  
  128  12:54  Phoenix  
  112  13:04  Phoenix  
  100  13:19  Phoenix  
  102  13:29  Phoenix  
  104  13:44  Phoenix  
  106  13:54  Phoenix  
  104  14:08  Phoenix  
Show
View Real Time Build Order
Export as new Build Order

Corrêa Terran 

Build Orders:  

Get SALT Encoding   

  12  0:03  SCV  
  13  0:32  Supply Depot  
  13  1:06  Barracks  
  13  1:16  Refinery  
  13  1:21  SCV  
  13  1:22  Engineering Bay  
  14  1:33  SCV  
  15  1:45  SCV  
  15  1:46  Command Center  
  16  1:57  SCV  
  17  2:05  Supply Depot  
  17  2:09  SCV  
  17  2:12  Barracks, Marine  
  19  2:28  Orbital Command  
  19  2:40  Supply Depot  
  19  3:15  Planetary Fortress  
  19  3:45  Marine x2  
  21  3:59  Refinery  
  21  4:03  Marine x2  
  21  4:07  Factory  
  23  4:14  Supply Depot  
  23  4:21  Marine x2  
  23  4:22  SCV  
  26  4:29  Terran Infantry Weapons Level 1  
  26  4:34  SCV  
  26  4:37  Supply Depot  
  27  4:38  Marine  
  27  4:39  Marine  
  29  4:46  SCV  
  30  4:56  Marine x2  
  30  4:58  SCV  
  33  5:03  Starport  
  33  5:11  SCV  
  34  5:14  Marine  
  35  5:28  Missile Turret  
  35  5:33  Barracks Tech Lab  
  35  5:51  Supply Depot  
  35  5:54  SCV  
  36  6:00  Factory Tech Lab  
  36  6:06  SCV  
  36  6:09  SCV  
  38  6:13  Medivac  
  38  6:18  SCV  
  41  6:21  SCV  
  41  6:23  Terran Infantry Armor Level 1  
  41  6:24  Missile Turret  
  42  6:30  SCV  
  43  6:33  SCV  
  43  6:36  Supply Depot  
  44  6:42  SCV  
  44  6:43  Medivac  
  44  6:45  SCV  
  48  6:57  SCV  
  48  6:59  Supply Depot  
  49  7:03  Refinery  
  49  7:07  SCV  
  50  7:12  Medivac  
  52  7:19  SCV  
  52  7:21  Missile Turret  
  53  7:28  Refinery  
  53  7:31  SCV  
  54  7:38  Armory  
  54  7:39  Barracks Reactor  
  54  7:42  Medivac  
  54  7:43  SCV  
  57  7:55  SCV, Cyclone  
  57  7:57  Marine  
  62  8:14  SCV  
  62  8:15  Marine  
  62  8:17  Hi-Sec Auto Tracking  
  64  8:25  Marine x2  
  64  8:26  SCV  
  67  8:33  Marine  
  68  8:38  Missile Turret, SCV  
  69  8:43  Marine x2  
  71  8:49  Combat Shields  
  71  8:50  SCV  
  71  8:51  Marine  
  73  8:57  Missile Turret  
  73  9:00  Marine  
  73  9:01  Marine  
  75  9:02  SCV  
  75  9:03  Cyclone  
  75  9:09  Marine  
  80  9:14  Terran Infantry Weapons Level 2  
  80  9:18  Marine x2  
  82  9:26  Marine  
  82  9:27  Missile Turret  
  83  9:35  Siege Tank  
  86  9:44  Medivac  
  88  9:47  Missile Turret  
  88  10:03  Starport  
  88  10:07  Siege Tank  
  88  10:08  Stimpack  
  88  10:14  Medivac  
  91  10:18  Command Center  
  93  10:37  Supply Depot  
  93  10:47  Marine  
  94  10:56  Marine  
  97  10:57  Marauder  
  97  10:59  Supply Depot  
  97  11:05  Marine  
  97  11:09  Missile Turret  
  98  11:14  Marine  
  101  11:18  Marauder  
  101  11:21  Missile Turret  
  101  11:23  Marine  
  102  11:30  Terran Infantry Armor Level 2  
  102  11:32  Marine  
  103  11:39  Marauder  
  105  11:41  Marine  
  106  11:50  Marine  
  107  12:01  Marauder  
  109  12:22  Marauder  
  111  13:27  Planetary Fortress  
Show
View Real Time Build Order
Export as new Build Order

Tardor Protoss 

Build Orders: Nexus First 

Get SALT Encoding   

  12  0:03  Probe  
  13  0:15  Probe  
  14  0:34  Pylon, Probe  
  15  0:49  Probe  
  16  1:03  Nexus  
  16  1:13  Gateway  
  16  1:15  Probe  
  16  1:23  Assimilator  
  17  1:32  Assimilator  
  17  1:47  Probe  
  18  1:56  Probe  
  19  2:04  Probe  
  19  2:06  Pylon  
  19  2:13  Probe  
  21  2:25  Probe  
  22  2:37  Probe  
  22  2:38  Pylon  
  23  2:49  Probe  
  24  2:58  Probe  
  24  3:01  Forge  
  25  3:05  Probe  
  25  3:06  Probe  
  27  3:13  Probe  
  27  3:16  Probe  
  29  3:28  Probe  
  30  3:44  Cybernetics Core  
  30  3:48  Photon Cannon  
  30  3:52  Probe  
  31  4:00  Probe  
  31  4:08  Probe  
  32  4:10  Probe  
  32  4:12  Assimilator  
  34  4:17  Assimilator  
  34  4:18  Probe  
  35  4:27  Stargate  
  35  4:28  Stargate  
  35  4:31  Stargate  
  35  4:33  Pylon  
  35  4:38  Probe  
  36  4:46  Probe  
  37  4:55  Probe  
  38  5:00  Protoss Air Weapons Level 1  
  38  5:08  Probe  
  38  5:10  Nexus  
  38  5:13  Fleet Beacon  
  39  5:20  Probe  
  40  5:31  Assimilator  
  40  5:32  Probe  
  41  5:36  Assimilator  
  41  5:42  Nexus  
  41  5:46  Carrier  
  41  5:56  Carrier x2  
  59  5:58  Pylon  
  59  6:10  Assimilator  
  59  6:15  Assimilator  
  59  6:26  Graviton Catapult  
  59  6:33  Stargate  
  59  6:34  Probe, Stargate  
  60  6:42  Probe  
  61  6:52  Probe  
  61  6:59  Cybernetics Core  
  62  7:04  Probe, Protoss Air Armor Level 1  
  63  7:10  Probe  
  63  7:12  Probe  
  63  7:13  Carrier  
  64  7:17  Mothership  
  64  7:21  Probe  
  79  7:22  Probe  
  81  7:30  Carrier  
  81  7:40  Probe  
  88  7:48  Probe  
  88  7:51  Carrier  
  88  7:53  Nexus  
  88  7:57  Probe, Assimilator  
  89  8:01  Assimilator  
  96  8:07  Pylon  
  96  8:08  Pylon  
  96  8:10  Pylon, Carrier  
  102  8:41  Carrier  
  102  8:43  Carrier  
  114  8:49  Protoss Air Weapons Level 2  
  114  9:02  Carrier  
  120  9:08  Pylon  
  120  9:09  Carrier  
  120  9:12  Pylon  
  120  9:13  Pylon  
  126  9:25  Probe  
  126  9:29  Carrier  
  127  9:33  Probe  
  127  9:37  Protoss Air Armor Level 2  
  134  9:59  Probe  
  135  10:11  Probe  
  136  10:18  Carrier  
  142  10:23  Probe  
  142  10:27  Carrier  
  149  10:33  Probe  
  149  10:39  Probe  
  149  10:41  Probe  
  150  10:47  Probe  
  152  10:51  Probe  
  154  10:57  Probe  
  154  11:01  Pylon  
  155  11:10  Carrier  
  161  11:20  Pylon  
  161  11:21  Carrier  
  161  11:25  Pylon  
  167  11:26  Pylon  
  167  11:29  Probe  
  167  11:37  Probe  
  168  11:40  Carrier  
  168  11:44  Carrier  
  181  12:00  Protoss Air Weapons Level 3  
  181  12:20  Carrier  
  187  12:24  Protoss Air Armor Level 3  
  187  12:48  Carrier  
  187  12:49  Pylon  
  173  13:16  Mothership  
  173  13:17  Carrier  
  173  13:18  Carrier  
  157  14:37  Carrier x2  
Show
View Real Time Build Order
Export as new Build Order

Saki Zerg 

Build Orders: Pool First 

Get SALT Encoding   

  12  0:15  Drone  
  13  0:22  Extractor  
  12  0:33  Spawning Pool  
  11  0:39  Extractor  
  11  0:40  Drone  
  11  0:41  Drone  
  12  1:56  Lair  
  12  2:39  Zergling x2  
  12  2:40  Zergling x2  
  12  3:36  Drone  
  12  3:37  Drone  
  14  4:00  Hydralisk Den  
  13  4:03  Drone  
  13  4:04  Overlord  
  14  4:49  Drone x2  
  14  4:50  Drone  
  17  4:58  Hatchery  
  16  5:25  Hydralisk x2  
  20  6:20  Drone  
  21  6:37  Drone x2  
  23  8:00  Drone x2  
  23  8:01  Drone  
  21  8:35  Overlord x2  
  21  8:56  Queen  
  23  9:21  Hydralisk x2  
  23  9:22  Hydralisk  
  29  9:46  Infestation Pit  
  28  10:23  Drone  
  28  10:24  Drone  
  30  10:39  Hydralisk x2  
  30  10:40  Hydralisk x2  
  37  11:30  Overlord x2  
  37  12:10  Hydralisk x4  
  45  13:47  Hydralisk  
  45  13:48  Hydralisk x2  
  51  14:35  Hive  
  51  15:10  Hydralisk  
  51  15:13  Overlord x2  
Tags
 
Add a new tag
Caveats
  • Supply blocks, unpowered buildings, or Contaminate may cause inaccurate times.
  • Supply counts are checked every 10 seconds.